 Dungeon Crawl Stone Soup version 0.21.0-3-g78d12a8 (webtiles) character file.

12049 Inarius the Frost Mage (level 11, -19/80 HPs)
             Began as a Green Draconian Ice Elementalist on Jan 12, 2018.
             Was a Believer of Hepliaklqana.
             Demolished by a white ugly thing (34 damage)
             ... on level 12 of the Dungeon.
             The game lasted 00:50:49 (15068 turns).

Inarius the Frost Mage (DrIE)                      Turns: 15068, Time: 00:50:50

Health: -19/80     AC: 12    Str: 10    XL:     11   Next: 57%
Magic:  14/21      EV: 15    Int: 20    God:    Hepliaklqana [**....]
Gold:   516        SH:  0    Dex: 11    Spells: 12/24 levels left

rFire    + . .     SeeInvis .   E - +4 dagger (chaos)
rCold    . . .     Gourm    .   (no shield)
rNeg     . . .     Faith    .   (armour unavailable)
rPois    +         Spirit   .   s - +0 hat
rElec    .         Reflect  .   q - +1 cloak
rCorr    .         Harm     .   (no gloves)
MR       .....                  p - +2 pair of boots
Stlth    ++........             J - amulet of regeneration
HPRegen  0.23/turn              w - ring of protection from cold
MPRegen  0.17/turn              a - ring of fire

@: no status effects
A: breathe noxious fumes, unfitting armour, reduced essence, poison resistance,
cold-blooded, AC +7
a: Breathe Noxious Fumes, Recall Ancestor, Ancestor Identity, Renounce Religion


You were on level 12 of the Dungeon.
You worshipped Hepliaklqana.
Hepliaklqana was pleased with you.
You were hungry.

You visited 2 branches of the dungeon, and saw 14 of its levels.

You collected 516 gold pieces.

Inventory:

Hand Weapons
 E - a +4 dagger of chaos (weapon)
 H - a +0 flail of venom
Armour
 e - a +0 large shield
 p - a +2 pair of boots (worn)
 q - a +1 cloak (worn)
 s - a +0 hat (worn)
Magical Staves
 P - an uncursed staff of cold
Jewellery
 a - a ring of fire (right hand)
 v - an uncursed amulet of guardian spirit
 w - a ring of protection from cold (left hand)
 J - an amulet of regeneration (around neck)
Wands
 l - a wand of flame (89)
 x - a wand of enslavement (21)
 C - a wand of disintegration (17)
 F - a wand of digging (15)
 M - a wand of polymorph (6)
Scrolls
 c - 2 scrolls of immolation
 j - a scroll of remove curse
 m - 2 scrolls of enchant armour
 u - 2 scrolls of fog
 D - a scroll of blinking
 O - a scroll of fear {unknown}
Potions
 f - 3 potions of lignification
 g - 2 potions of ambrosia
 h - 2 potions of agility
 i - 4 potions of flight
 k - a potion of mutation
 n - a potion of curing
 o - 2 potions of might {unknown}
 r - 2 potions of cancellation {unknown}
 t - 2 potions of brilliance {unknown}
 z - a potion of haste {unknown}
 A - 2 potions of berserk rage
 G - 3 potions of degeneration {unknown}
 K - a potion of magic {unknown}
Books
 B - a book of Conjurations

   Spells                             Type                      Level
   a - Magic Dart                     Conjuration                  1
   b - Searing Ray                    Conjuration                  2
   c - Dazzling Spray                 Conjuration/Hexes            3
   d - Fulminant Prism                Conjuration/Hexes            4
   e - Force Lance                    Conjuration/Translocation    4
   f - Iskenderun's Mystic Blast      Conjuration                  4
 N - a book of Air

   Spells                             Type                      Level
   a - Shock                          Conjuration/Air              1
   b - Swiftness                      Charms/Air                   2
   c - Static Discharge               Conjuration/Air              3
   d - Airstrike                      Air                          4
   e - Lightning Bolt                 Conjuration/Air              5
Miscellaneous
 I - a phial of floods
Comestibles
 b - 19 rations
 d - 2 chunks of flesh


   Skills:
 + Level 6.0 Fighting
 + Level 0.7 Staves
 + Level 6.1 Dodging
 - Level 1.7 Stealth
 - Level 7.0 Spellcasting
 + Level 5.8 Conjurations
 + Level 3.7 Charms
 + Level 2.7 Summonings
 * Level 12.3 Ice Magic
 + Level 3.0 Invocations


You had 12 spell levels left.
You knew the following spells:

 Your Spells              Type           Power        Failure   Level  Hunger
a - Freeze                Ice            ####         1%          1    None
b - Ozocubu's Armour      Chrm/Ice       #####...     1%          3    #......
c - Throw Icicle          Conj/Ice       #####...     2%          4    ###....
d - Summon Ice Beast      Ice/Summ       #####...     4%          4    ###....


Dungeon Overview and Level Annotations

Branches:
Dungeon (13/15)            Temple (1/1) D:7            Lair (0/6) D:9
    Orc (0/2) D:9
 Vaults: D:13-14

Altars:
Ashenzari
Cheibriados
Dithmenos
Elyvilon
Fedhas
Gozag
Hepliaklqana
Kikubaaqudgha
Makhleb
Nemelex Xobeh
Okawaru
Qazlal
Ru
Sif Muna
Trog
Uskayaw
Vehumet
Wu Jian
Xom
Yredelemnul
Zin
The Shining One

Annotations:
D:11 Snorg


Innate Abilities, Weirdness & Mutations

You can breathe blasts of noxious fumes.
Your lurid green scales are hard. (AC +7)
You cannot fit into any form of body armour.
Your system is resistant to poisons. (rPois)
You are cold-blooded and may be slowed by cold attacks.
Your life essence is reduced to manifest your ancestor. (-10% HP)


Message History

The bullfrog misses Onaxys.
The white ugly thing closely misses you.
Onaxys blocks the bullfrog's attack.
Onaxys barely misses the bullfrog.
Onaxys blocks the bullfrog's attack.
Onaxys blocks something's attack.
There is a stone staircase leading down here.
Something hits Onaxys but does no damage.
The white ugly thing closely misses you.
The white ugly thing misses you.
The bullfrog hits Onaxys but does no damage.
Onaxys blocks the bullfrog's attack.
Onaxys hits the bullfrog with a flail!
Onaxys blocks the bullfrog's attack. x2; Onaxys barely misses the bullfrog.
Onaxys blocks something's attack.
There is a stone staircase leading down here.
The white ugly thing headbutts you. The white ugly thing freezes you!
* * * LOW HITPOINT WARNING * * *
The white ugly thing headbutts you!
* * * LOW HITPOINT WARNING * * *
The white ugly thing freezes you!!
You die...

#..# ###.. ###..# #
#.... #....## #......
#.#...## #
......#####.###..#### .
#....##....# ##>...#
.### ##.#.##.#### ###..#
.....#....#..#
#####...##
........##..####@....###
.. ##....#...u.#####
..####.......#####
#.รท<...#....#
...####.####.... ....
..# ##### ..#####.# ..
#.# .. #.#


You could see a white ugly thing.

Vanquished Creatures
  Josephine (D:10)
  Psyche (D:9)
  Maurice (D:10)
  A hornet (D:9)
  Grinder (D:4)
  4 wraiths
  4 wyverns
  Sigmund (D:4)
  6 yaks
  The ghost of Monsterracer the Chopper, an amateur FoWr of Yredelemnul (D:3)
  Grum (D:8)
  A soldier ant (D:10)
  An ice beast (D:6)
  2 orc warriors
  2 phantoms
  A black bear (D:7)
  An ogre (D:5)
  2 wolves (D:8)
  A necrophage (D:7)
  3 centaurs
  A crocodile (D:10)
  6 bullfrogs
  A gnoll sergeant (D:7)
  2 scorpions
  5 killer bees
  3 crimson imps
  2 hounds
  3 jellies
  6 orc priests
  5 orc wizards
  A bullfrog skeleton (D:5)
  An iguana (D:7)
  10 worker ants
  Robin (D:4)
  A hound skeleton (D:7)
  2 worker ant zombies
  11 gnolls
  7 adders
  An ooze (D:2)
  2 adder skeletons
  2 worms
  5 dart slugs
  2 leopard geckos
  29 orcs
  3 ball pythons
  7 bats
  8 giant cockroaches
  2 gnoll zombies (D:4)
  16 goblins
  12 hobgoblins
  3 jackals (D:6)
  3 quokkas
  5 frilled lizards
  A jackal skeleton (D:4)
  13 kobolds
  A quokka skeleton (D:6)
  2 rats
221 creatures vanquished.

Vanquished Creatures (collateral kills)
  A two-headed ogre (D:11)
  An unseen horror (D:12)
  A cyclops (D:11)
  A troll (D:9)
  A wraith (D:10)
  9 yaks
  2 steam dragons
  A golden eye (D:11)
  A sky beast (D:11)
  A wolf (D:8)
  An ogre (D:7)
  A big kobold (D:9)
  A big kobold (shapeshifter) (D:9)
  2 scorpions
  8 killer bees
  4 wights (D:11)
  2 centaur skeletons
  2 hounds
  An orc priest (D:8)
  2 orc wizards
  A worker ant (D:11)
  A hound skeleton (D:11)
  A worker ant zombie (D:8)
  4 gnolls
  7 orcs
57 creatures vanquished.

Vanquished Creatures (others)
  2 knights
  5 ancestors
7 creatures vanquished.

Grand Total: 285 creatures vanquished

Notes
Turn   | Place    | Note
-------+----------+-------------------------------------------
     0 | D:1      | Inarius the Draconian Ice Elementalist began the quest for the Orb.
     0 | D:1      | Reached XP level 1. HP: 14/14 MP: 3/3
   320 | D:1      | Reached XP level 2. HP: 19/20 MP: 0/5
  1402 | D:2      | Reached XP level 3. HP: 20/26 MP: 6/6
  1407 | D:2      | Learned a level 3 spell: Ozocubu's Armour
  1642 | D:2      | Reached skill level 4 in Ice Magic
  1856 | D:2      | Found a blossoming altar of Fedhas.
  1953 | D:2      | Reached XP level 4. HP: 20/33 MP: 3/7
  2147 | D:2      | Reached skill level 1 in Charms
  2160 | D:2      | Learned a level 4 spell: Throw Icicle
  2281 | D:3      | Noticed Monsterracer's ghost (amateur FoWr)
  2936 | D:3      | Reached XP level 5. HP: 33/39 MP: 5/9
  3135 | D:3      | Reached skill level 1 in Fighting
  3135 | D:3      | Reached skill level 5 in Ice Magic
  3510 | D:4      | Noticed Grinder
  3532 | D:4      | Paralysed by something for 3 turns
  3537 | D:4      | Paralysed by Grinder for 2 turns
  3892 | D:3      | Reached XP level 6. HP: 47/47 MP: 7/10
  4111 | D:4      | Noticed Robin
  4129 | D:4      | Killed Robin
  4313 | D:4      | Found a basalt altar of Yredelemnul.
  4469 | D:4      | Noticed Sigmund
  4481 | D:5      | Entered Level 5 of the Dungeon
  4648 | D:5      | You fall through a shaft!
  4886 | D:5      | Your scales start taking on a lurid green colour.
  4886 | D:5      | Reached XP level 7. HP: 48/53 MP: 8/12
  4886 | D:5      | Gained mutation: Your system is resistant to poisons. (rPois) [Green Draconian growth]
  4927 | D:5      | Reached skill level 6 in Ice Magic
  5474 | D:4      | Paralysed by Grinder for 4 turns
  5490 | D:4      | Killed Grinder
  5695 | D:4      | Learned a level 4 spell: Summon Ice Beast
  5917 | D:4      | Killed Sigmund
  5917 | D:4      | Reached XP level 8. HP: 52/63 MP: 2/14
  5963 | D:4      | Reached skill level 1 in Summonings
  6283 | D:3      | Killed Monsterracer's ghost
  6283 | D:3      | Reached skill level 7 in Ice Magic
  6777 | D:6      | You fall through a shaft for 3 floors!
  6984 | D:9      | Noticed Psyche
  6995 | D:9      | Killed Psyche
  6995 | D:9      | Reached skill level 5 in Spellcasting
  7395 | D:8      | Noticed Maurice
  7463 | D:7      | Found a staircase to the Ecumenical Temple.
  7472 | Temple   | Entered the Ecumenical Temple
  7571 | Temple   | Became a worshipper of Hepliaklqana the Forgotten
  7633 | D:7      | Reached skill level 8 in Ice Magic
  7724 | D:7      | Reached XP level 9. HP: 42/63 MP: 0/16
  8043 | D:7      | Found a radiant altar of Vehumet.
  9095 | D:8      | Reached skill level 5 in Dodging
  9500 | D:8      | Reached * piety under Hepliaklqana
  9575 | D:8      | Reached skill level 9 in Ice Magic
  9601 | D:8      | Noticed Grum
  9609 | D:8      | Killed Grum
 10212 | D:9      | Reached XP level 10. HP: 25/72 MP: 1/19
 10213 | D:9      | Reached skill level 5 in Fighting
 10518 | D:9      | Found a staircase to the Lair.
 10650 | D:8      | Reached skill level 10 in Ice Magic
 11232 | D:9      | Found a staircase to the Orcish Mines.
 11362 | D:10     | Entered Level 10 of the Dungeon
 11547 | D:10     | Found a portal to a secret trove of treasure.
 12165 | D:9      | Paralysed by a hornet for 3 turns
 12510 | D:10     | Reached skill level 11 in Ice Magic
 12734 | D:10     | Reached skill level 1 in Invocations
 13149 | D:10     | Killed Maurice
 13280 | D:10     | Noticed Josephine
 13302 | D:10     | Reached XP level 11. HP: 69/79 MP: 17/21
 13339 | D:10     | Killed Josephine
 13339 | D:10     | Reached skill level 5 in Conjurations
 14042 | D:11     | Reached ** piety under Hepliaklqana
 14043 | D:11     | Remembered your ancestor Onaxys as a knight
 14223 | D:11     | Noticed a two-headed ogre
 14229 | D:11     | Killed a two-headed ogre
 14229 | D:11     | Reached skill level 12 in Ice Magic
 14268 | D:11     | Noticed Snorg
 14857 | D:12     | Killed an unseen horror
 14944 | D:12     | Noticed a white ugly thing
 15068 | D:12     | Demolished by a white ugly thing

Skill      XL: |  1  2  3  4  5  6  7  8  9 10 11 |
---------------+----------------------------------+-----
Dodging        | 2 3 4 5 6 |  6.1
Ice Magic      | 4 5 6 8 9 11 12 | 12.3
Charms         | 1 2 3 |  3.7
Fighting       | 1 3 4 5 6 |  6.0
Spellcasting   | 3 4 5 6 7 |  7.0
Conjurations   | 2 3 4 5 |  5.8
Summonings     | 2 |  2.7
Invocations    | 1 3 |  3.0
Staves         | |  0.7
Stealth        | |  1.7

Action                   |  1- 3 |  4- 6 |  7- 9 | 10-12 || total
-------------------------+-------+-------+-------+-------++-------
Melee: Short sword       |     7 |   131 |       |       ||   138
       Unarmed           |     2 |       |       |       ||     2
       Tailslap          |     5 |    20 |    32 |    38 ||    95
       Dagger            |    59 |    12 |   189 |   221 ||   481
       Mace              |       |    48 |   102 |       ||   150
       Staff             |       |       |       |    36 ||    36
 Cast: Freeze            |    22 |    21 |     4 |     4 ||    51
       Ozocubu's Armour  |       |     6 |    17 |    22 ||    45
       Throw Icicle      |       |     1 |    39 |    71 ||   111
       Summon Ice Beast  |       |       |     2 |    14 ||    16
Invok: Recall Ancestor   |       |       |     1 |     5 ||     6
       Ancestor Life: Kn |       |       |       |     1 ||     1
       Ancestor Identity |       |       |       |     1 ||     1
 Abil: Breathe Noxious F |       |       |     3 |     2 ||     5
Evoke: Wand              |       |       |     1 |       ||     1
  Use: Scroll            |       |     5 |    16 |     6 ||    27
       Potion            |       |     2 |       |     3 ||     5
 Stab: Sleeping          |     6 |     3 |     1 |       ||    10
       Distracted        |       |       |       |     1 ||     1
       Confused          |       |       |       |     1 ||     1
  Eat: Chunk             |     3 |     9 |    12 |    19 ||    43
       Ration            |       |     2 |     4 |     2 ||     8
Armor: Skin              |    20 |    94 |   142 |   144 ||   400
Dodge: Dodged            |    50 |   150 |   234 |   307 ||   741
